 Dungeon Crawl Stone Soup version 0.18.1-48-g4cf74bf (webtiles) character file.

46 torvon the Charmwright (level 3, -2/28 HPs)
             Began as a Merfolk Skald on Aug 8, 2016.
             Slain by a worker ant (4 damage)
             ... on level 4 of the Dungeon.
             The game lasted 00:07:08 (1261 turns).

torvon the Charmwright (Merfolk Skald)              Turns: 1261, Time: 00:07:09

Health: -2/28      AC:  5    Str: 13    XL:     3   Next: 66%
Magic:  4/6        EV: 12    Int: 11    God:
Gold:   45         SH:  0    Dex: 13    Spells: 2 memorised, 4 levels left

rFire  . . .     SeeInvis .     a - +4 spear
rCold  . . .     Gourm    .     b - +0 leather armour
rNeg   . . .     Faith    .     (no shield)
rPois  .         Spirit   .     (no helmet)
rElec  .         Dismiss  .     p - +1 cloak
rCorr  .         Reflect  .     (no gloves)
SustAt .         Harm     .     (no boots)
MR     .....                    (no amulet)
Stlth  +.........               (no ring)
                                (no ring)

@: lethally poisoned (-2 -> -11), infused, not resistant to hostile
enchantments, very unstealthy
A: change form in water, swift swim
a: no special abilities


You were on level 4 of the Dungeon.
You were not hungry.

You visited 1 branch of the dungeon, and saw 3 of its levels.

You collected 45 gold pieces.

Inventory:

Hand Weapons
 a - a +4 spear (weapon)
 q - a +0 hand axe
Missiles
 f - 2 curare-tipped needles
 g - 22 arrows
 m - 10 poisoned needles
Armour
 b - a +0 leather armour (worn)
 e - a +0 chain mail
 h - a +0 leather armour
 p - a +1 cloak (worn)
Wands
 o - a wand of slowing (22/48)
Scrolls
 i - a scroll of recharging {unknown}
 k - a scroll of magic mapping {unknown}
 l - a scroll of random uselessness {unknown}
 n - a scroll of blinking {unknown}
Books
 c - a book of Battle

   Spells                             Type                      Level
   a - Infusion                       Charms                       1
   b - Shroud of Golubria             Charms/Translocation         2
   c - Song of Slaying                Charms                       2
   d - Spectral Weapon                Hexes/Charms                 3
   e - Regeneration                   Charms/Necromancy            3
Comestibles
 d - a bread ration


   Skills:
 + Level 2.3 Fighting
 * Level 3.4 Polearms
 - Level 0.7 Armour
 + Level 2.2 Dodging
 + Level 2.5 Spellcasting
 + Level 3.9 Charms


You had 4 spell levels left.
You knew the following spells:

 Your Spells              Type           Power        Failure   Level  Hunger
a - Infusion              Chrm           ##..         10%         1    ##.....
b - Shroud of Golubria    Chrm/Tloc      #.........   24%         2    ###....


Dungeon Overview and Level Annotations

Branches:
Dungeon (2/15)

Altars:

Shops:
D:4 [

Portals:
Ossuary: D:4


Message History

The worker ant is moderately wounded.
The worker ant closely misses you.
You hit the worker ant.
The worker ant is heavily wounded.
You feel sick. The worker ant bites you.
* * * LOW HITPOINT WARNING * * *
You are lethally poisoned!
The worker ant poisons you!
You completely miss the worker ant.
The worker ant is heavily wounded.
* * * LOW HITPOINT WARNING * * *
You feel sick. The worker ant completely misses you.
You puncture the worker ant!
The worker ant is almost dead.
* * * LOW HITPOINT WARNING * * *
You feel sick. The worker ant closely misses you.
It was a potion of cure mutation.
It has a very clean taste.
* * * LOW HITPOINT WARNING * * *
You feel sick. The worker ant bites you.
You die...

######+ .#...#
# #.∩.# #. ...#
### #####
#.[.#...#
#.>.#.>.#
#...#..@#
+#######a$.....
...8.∩. .......
.....8. #.##..#
.# ### .#


You could see a worker ant.

Vanquished Creatures
  2 adders (D:2)
  A giant gecko (D:1)
  5 bats
  2 giant cockroaches (D:1)
  A goblin (D:1)
  4 hobgoblins (D:1)
  2 jackals (D:2)
  A giant newt (D:2)
  5 kobolds
  A rat (D:1)
24 creatures vanquished.

Notes
Turn   | Place    | Note
--------------------------------------------------------------
     0 | D:1      | torvon the Merfolk Skald began the quest for the Orb.
     0 | D:1      | Reached XP level 1. HP: 16/16 MP: 3/3
   372 | D:1      | Reached XP level 2. HP: 7/22 MP: 0/5
   799 | D:2      | Learned a level 2 spell: Shroud of Golubria
   926 | D:2      | Reached XP level 3. HP: 26/28 MP: 6/6
  1242 | D:2      | You fall through a shaft for 2 floors!
  1242 | D:4      | Found a sand-covered staircase.
  1248 | D:4      | Found Cuog Iwu's Armour Shop.
  1261 | D:4      | Slain by a worker ant

Skill      XL: |  1  2  3 |
---------------+----------+-----
Dodging        | 2 |  2.2
Fighting       | |  2.3
Polearms       | |  3.4
Armour         | |  0.7
Spellcasting   | |  2.5
Charms         | |  3.9

Action                   || total
-------------------------++-------
Melee: Spear             ||    77
 Cast: Infusion          ||     6
  Use: Scroll            ||     6
       Potion            ||     1
  Eat: Bread ration      ||     1
Armor: Leather armour    ||    26
Dodge: Dodged            ||    47
